 Dungeon Sprint DCSS version 0.31-a0-18-gea43df2a32 (webtiles) character file.

Game seed: 14658753266751099479

6773 sircluck the Brawler (level 10, -10/114 HPs)
             Began as a Troll Berserker on May 10, 2023.
             Was an Elder of Trog.
             Succumbed to a death drake's dark miasma
             ... in the Dungeon (Sprint II: "The Violet Keep of Menkaure").
             The game lasted 00:09:18 (1157 turns).

sircluck the Brawler (Troll Berserker)              Turns: 1157, Time: 00:09:19

Health: -10/114    AC:  4    Str: 31    XL:     10   Next: 76%
Magic:  9/9        EV: 12    Int:  3    God:    Trog [****..]
Gold:   1506       SH:  0    Dex:  9    Spells: 9/9 levels left

rFire   . .          .
                       - Unarmed
rCold   . . .        (no shield)
rNeg    + . .        a - +0 animal skin
rPois   .            (helmet restricted)
rElec   .            (no cloak)
rCorr   .            (gloves unavailable)
SInv    .            (boots unavailable)
Will    ++...        h - amulet of regeneration
Stlth   +            i - ring of flight
HPRegen 2.99/turn    z - ring of positive energy
MPRegen 0.11/turn

%: no teleportation
@: lethally poisoned (-10 -> -73), strong-willed, flying, regenerating, slowed,
very slow
A: large, unfitting armour, claws 3, regeneration 1, shaggy fur 1, tough skin 1
a: Renounce Religion, Berserk, Trog's Hand, Brothers in Arms


You were in the Dungeon.
You worshipped Trog.
Trog was greatly pleased with you.
You visited 1 branch You collected 1981 gold pieces.
You spent 475 gold pieces at shops.

Inventory:

Hand Weapons
 k - a +0 spear
Missiles
 j - 33 stones (quivered)
 l - 12 poisoned darts
 C - 6 atropa-tipped darts
Armour
 a - a +0 animal skin (worn)
Jewellery
 h - an amulet of regeneration (around neck)
 i - a ring of flight (left claw)
 r - a +6 ring of intelligence
 y - a ring of willpower
 z - a ring of positive energy (right claw)
Scrolls
 p - a scroll of brand weapon {unknown}
 u - a scroll of immolation {unknown}
 v - a scroll of enchant weapon {unknown}
 w - a scroll of identify {unknown}
 A - a scroll of magic mapping {unknown}
Potions
 d - a potion of haste
 e - 5 potions of magic
 f - 2 potions of berserk rage
 m - 2 potions of invisibility {unknown}
 o - a potion of brilliance {unknown}
 q - a potion of mutation {unknown}
 s - 4 potions of resistance {unknown}
 t - a potion of might {unknown}
 x - 4 potions of flight {unknown}
 B - a potion of ambrosia {unknown}


   Skills:
 + Level 11.4 Fighting
 + Level 11.1 Dodging
 + Level 1.4 Stealth
 + Level 18.5 Unarmed Combat


You had 9 spell levels left.
You didn't know any spells.
Your spell library was empty.

Dungeon Overview and Level Annotations

Branches:
Dungeon (1/1)

Altars:
Cheibriados
Dithmenos
Elyvilon
Fedhas
Gozag
Hepliaklqana
Kikubaaqudgha
Makhleb
Nemelex Xobeh
Okawaru
Qazlal
Ru
Sif Muna
Trog
Uskayaw
Vehumet
Wu Jian
Xom
Yredelemnul
Zin
The Shining One
Jiyva
Lugonu

Shops:
D ?[:!*(:[=!(([=*

Annotations:
D exclusions: oklob plant and orange crystal statue


Innate Abilities, Weirdness & Mutations

You are too large for most types of armour.
You have claws for hands.
Your natural rate of healing is unusually fast.
You are covered in fur. (AC +1)
You have tough skin. (AC +1)


Message History

You are poisoned.
You feel yourself slow down.
You feel very sick.
You feel very sick.
You feel very sick.
You feel better. The death drake breathes miasma at you.
The foul vapour engulfs you!
You are poisoned.
You feel as though you will be slow longer.
You scratch the death drake.
The death drake is lightly wounded.
You are engulfed in dark miasma.
You are more poisoned.
You feel extremely sick. The death drake barely misses you.
The death drake bites you!
You mangle the death drake!!
The death drake is heavily wounded.
You are engulfed in dark miasma.
You are more poisoned.
You feel as though you will be slow longer.
You feel extremely sick. The death drake breathes miasma at you.
The foul vapour engulfs you!
You are more poisoned.
You feel as though you will be slow longer.
You mangle the death drake!!
The death drake is severely wounded.
You are engulfed in dark miasma.
You are more poisoned.
* * * LOW HITPOINT WARNING * * *
You feel extremely sick. The death drake bites you.
* * * LOW HITPOINT WARNING * * *
Your skin crawls.
You feel strong-willed.
You are engulfed in dark miasma.
You are more poisoned.
* * * LOW HITPOINT WARNING * * *
You die...

+++## ... ##})▓▓▓▓▓▓▓▓▓▓▓▓+▓▓
....# .. k#=}▓.)[....)▓▓...▓
##..# #. k#)=▓..[.)...▓▓.⌠.▓
.##.#### +.##.#[}▓.[)[)...▓▓...▓
#.#....# ..○####▓.)).....▓▓...▓
.####..## #.k##.#▓).......▓▓...▓
###.##..# +..#.)#▓[.......▓▓...▓
##...#..# #..#.)#▓........▓▓.⌠)▓
.÷##.+..####..##@#▓....)...▓▓...▓
##...#....###°°k##▓▓▓▓▓▓▓'▓▓▓▓)▓▓
###.##......°°°k~~~~~~§§~...≈≈≈▓
.####~~.§§..°#°########'###.≈≈≈▓
..#~~~~§~~..~#.._.....#~~~##≈≈≈▓
###~~~~§§~~.~#._._....#~~≈≈####▓
##~~~§≈§~~~~§#_._._...#~~~~§##
~~~~~~≈§§≈~~~#._._._..#~~~≈§§#
+++#§≈≈≈≈§≈≈~#_._._._.#~§§~~≈+


You could see 2 death drakes.

Vanquished Creatures
  A hellephant (D)
  Sonja (D)
  A glowing orange brain (D)
  A yaktaur (D)
  3 polar bears (D)
  A hornet (D)
  2 wyverns (D)
  5 water moccasins (D)
  4 necrophages (D)
  4 scorpions (D)
  A hell rat (D)
  3 worms (D)
  4 tentacles (D)
31 creatures vanquished.

Vanquished Creatures (collateral kills)
  A kraken (D)
  A draconian shifter (D)
2 creatures vanquished.

Vanquished Creatures (others)
  Menkaure (D)
  8 tentacles (D)
9 creatures vanquished.

Grand Total: 42 creatures vanquished

Notes
Turn   | Place    | Note
-------+----------+-------------------------------------------
     0 | D        | sircluck the Troll Berserker began the quest for the Orb.
     0 | D        | Reached XP level 1. HP: 22/22 MP: 0/0
     1 | D        | Noticed a wyvern
     1 | D        | Noticed a wyvern
     5 | D        | Noticed a necrophage
     5 | D        | Noticed a necrophage
     5 | D        | Noticed a necrophage
     5 | D        | Noticed a necrophage
    10 | D        | Killed a necrophage
    11 | D        | Reached skill level 5 in Unarmed Combat
    11 | D        | Reached XP level 2. HP: 32/32 MP: 1/1
    11 | D        | Reached XP level 3. HP: 39/39 MP: 2/2
    15 | D        | Killed a necrophage
    16 | D        | Reached skill level 5 in Fighting
    16 | D        | Reached skill level 5 in Dodging
    16 | D        | Reached skill level 6 in Unarmed Combat
    16 | D        | Reached XP level 4. HP: 50/50 MP: 3/3
    17 | D        | Killed a necrophage
    17 | D        | Reached ** piety under Trog
    18 | D        | Reached skill level 7 in Unarmed Combat
    18 | D        | Reached XP level 5. HP: 59/59 MP: 4/4
    69 | D        | Reached skill level 8 in Unarmed Combat
    72 | D        | Reached *** piety under Trog
    82 | D        | Found Cips's General Store.
    82 | D        | Found Dughun's Jewellery Boutique.
    82 | D        | Found Kiteb's Antique Weapon Shop.
    82 | D        | Found Tebaases's Antique Weapon Shop.
    82 | D        | Found Migo's Jewellery Boutique.
    82 | D        | Found Luidac's Distillery.
    82 | D        | Found Keppech's Armour Shop.
   104 | D        | Reached XP level 6. HP: 46/68 MP: 5/5
   111 | D        | Reached skill level 9 in Unarmed Combat
   115 | D        | Reached **** piety under Trog
   141 | D        | Killed a wyvern
   142 | D        | Reached skill level 10 in Unarmed Combat
   142 | D        | Reached XP level 7. HP: 45/79 MP: 6/6
   143 | D        | Killed a wyvern
   144 | D        | Reached skill level 11 in Unarmed Combat
   158 | D        | Killed Menkaure
   192 | D        | Found Amyl's Book Shop.
   193 | D        | Found Qoiczef's Antique Weapon Shop.
   193 | D        | Found Joeno's Assorted Antiques.
   194 | D        | Found Adwuz's Antique Armour Boutique.
   194 | D        | Noticed a shining eye
   195 | D        | Found Zurar's Distillery.
   195 | D        | Noticed a shining eye
   195 | D        | Noticed a shining eye
   195 | D        | Noticed an oklob plant
   206 | D        | Found Xytraoli's Antique Armour Shop.
   206 | D        | Found Gaekluar's Magic Scroll Boutique.
   206 | D        | Found Segiuroo's Book Shoppe.
   208 | D        | Noticed a manticore
   208 | D        | Noticed a manticore
   209 | D        | Noticed a manticore
   289 | D        | Noticed an ice dragon
   296 | D        | Bought an amulet of regeneration for 300 gold pieces
   296 | D        | Bought a ring of flight for 175 gold pieces
   321 | D        | Noticed an ice statue
   374 | D        | Noticed an orange crystal statue
   387 | D        | Found a stormy altar of Qazlal.
   388 | D        | Found a hazy altar of Hepliaklqana.
   388 | D        | Found a sacrificial altar of Ru.
   388 | D        | Found an ornate altar of the Wu Jian Council.
   389 | D        | Found a viscous altar of Jiyva.
   389 | D        | Found a shimmering blue altar of Sif Muna.
   390 | D        | Found a snail-covered altar of Cheibriados.
   390 | D        | Found an ancient bone altar of Kikubaaqudgha.
   390 | D        | Found a shimmering altar of Xom.
   390 | D        | Found a bloodstained altar of Trog.
   391 | D        | Found a shadowy altar of Dithmenos.
   391 | D        | Found a corrupted altar of Lugonu.
   392 | D        | Found a white marble altar of Elyvilon.
   392 | D        | Found a burning altar of Makhleb.
   393 | D        | Found a blossoming altar of Fedhas.
   395 | D        | Noticed a yaktaur
   395 | D        | Noticed a hornet
   395 | D        | Noticed a polar bear
   395 | D        | Noticed a polar bear
   403 | D        | Killed a polar bear
   403 | D        | Reached ***** piety under Trog
   404 | D        | Reached skill level 12 in Unarmed Combat
   404 | D        | Reached XP level 8. HP: 89/89 MP: 7/7
   407 | D        | Killed a polar bear
   407 | D        | Noticed a polar bear
   409 | D        | Killed a hornet
   416 | D        | Killed a yaktaur
   417 | D        | Reached skill level 13 in Unarmed Combat
   422 | D        | Killed a polar bear
   422 | D        | Received a gift from Trog
   423 | D        | Reached XP level 9. HP: 26/100 MP: 8/8
   470 | D        | Found an opulent altar of Gozag.
   474 | D        | Found a glowing golden altar of the Shining One.
   474 | D        | Found a basalt altar of Yredelemnul.
   474 | D        | Found a hide-covered altar of Uskayaw.
   474 | D        | Found a sparkling altar of Nemelex Xobeh.
   475 | D        | Found a glowing silver altar of Zin.
   475 | D        | Found a radiant altar of Vehumet.
   475 | D        | Found an iron altar of Okawaru.
   495 | D        | Noticed a kraken
   499 | D        | Reached skill level 14 in Unarmed Combat
   503 | D        | Reached skill level 10 in Fighting
   560 | D        | Killed a kraken
   561 | D        | Reached skill level 10 in Dodging
   561 | D        | Reached skill level 15 in Unarmed Combat
   740 | D        | Noticed a purple draconian shifter
   748 | D        | Noticed Sonja
   748 | D        | Noticed a hellephant
   748 | D        | Noticed a glowing orange brain
   750 | D        | Killed a purple draconian shifter
   751 | D        | Reached skill level 16 in Unarmed Combat
   751 | D        | Reached XP level 10. HP: 111/111 MP: 9/9
   757 | D        | Killed Sonja
   758 | D        | Reached skill level 17 in Unarmed Combat
   771 | D        | Killed a glowing orange brain
  1019 | D        | Killed a hellephant
  1020 | D        | Reached skill level 1 in Stealth
  1020 | D        | Reached skill level 18 in Unarmed Combat
  1146 | D        | Noticed a death drake
  1147 | D        | Noticed a death drake
  1157 | D        | Succumbed to a death drake's dark miasma

Illustrated notes

Levels and vault maps discovered:
D:        the_violet_keep_of_menkaure [sprint2_stairs_cluster_1,
          sprint2_shoproom, sprint2_temple, sprint2_basic_supplies,
          sprint2_obstacle_2, sprint2_obstacle_5, sprint2_obstacle_4,
          sprint2_obstacle_6, sprint2_obstacle_7, sprint2_timed_cluster_1,
          sprint2_smallroom_cluster_1, sprint2_smallroom_final_cluster_1,
          sprint2_transparent_cluster_1, sprint2_second_timed_cluster_1,
          sprint2_sniper_area_1, sprint2_heavy_combat_area_1,
          sprint2_mutation_trap_area_1, sprint2_forest_area_1,
          sprint2_light_combat_area_1, sprint2_behind_water_1,
          sprint2_near_end_vault_1]

Skill      XL: |  1  2  3  4  5  6  7  8  9 10 |
---------------+-------------------------------+-----
Fighting       | 4 5 6 7 8 9 10 11 | 11.4
Dodging        | 4 5 6 7 8 9 10 11 | 11.1
Unarmed Combat | 5 6 7 8 10 12 13 16 18 | 18.5
Stealth        | 1 |  1.4

Action                     |  1- 3 |  4- 6 |  7- 9 | 10-12 || total
---------------------------+-------+-------+-------+-------++-------
  Melee: Unarmed           |     7 |    39 |    62 |    46 ||   154
         Punch             |       |     3 |     7 |     2 ||    12
 Invoke: Berserk           |     1 |       |     4 |     2 ||     7
         Brothers in Arms  |       |       |     2 |     1 ||     3
         Trog's Hand       |       |       |       |     1 ||     1
    Use: Potion            |       |       |     1 |     3 ||     4
         Scroll            |       |       |     1 |     2 ||     3
   Stab: Confused          |       |       |       |     2 ||     2
 Armour: Animal skin       |     2 |     4 |     9 |     2 ||    17
         Skin              |       |       |       |     3 ||     3
  Dodge: Dodged            |     5 |    16 |    39 |    23 ||    83

Table legend: (Time is in decaauts)
 A = Elapsed time spent in this place.
 B = Non-inter-level travel time spent in this place.
 C = Inter-level travel time spent in this place.
 D = Time resting spent in this place.
 E = Time spent auto-exploring this place.
 F = Levels seen in this place.
 G = Mean time per level.
                   A        B        C        D        E       F      G
               +--------+--------+--------+--------+--------+-----+--------+
         Total |   1183 |   1074 |    109 |    448 |     77 |   1 | 1183.0 |
       Dungeon |   1183 |   1074 |    109 |    448 |     77 |   1 | 1183.0 |
               +--------+--------+--------+--------+--------+-----+--------+

Top non-repeatable levels by time:
       D: 1183 daAuts
